Map: Ancient Cistern LE

Players

Yvan - Winner!

  • Race: Terran Terran
  • League: Bronze
  • Spawn Location: 7:00

winzboy

  • Race: Terran Terran
  • League: Gold
  • Spawn Location: 1:00

VOD

Have the link to the VOD?

Description

Time

  • Played on: June 1, 2023, 1:01 a.m.
  • Length: 19:48
Show
View Real Time Build Order
Export as new Build Order

Yvan Terran - Winner!

Build Orders: Command Center First 

Get SALT Encoding   

  12  0:00  SCV  
  13  0:13  SCV  
  14  0:18  Supply Depot  
  14  0:25  SCV  
  15  0:40  SCV  
  16  0:52  SCV  
  17  1:04  SCV  
  17  1:07  Command Center  
  18  1:16  SCV  
  19  1:24  Barracks  
  19  1:27  Refinery  
  19  1:29  SCV  
  20  1:34  Refinery  
  20  1:42  SCV  
  21  1:54  SCV  
  22  2:06  SCV  
  23  2:24  Orbital Command  
  23  2:26  Command Center  
  23  2:34  Orbital Command  
  23  2:37  Marine  
  24  2:53  Factory  
  24  3:19  Marine  
  24  3:21  SCV  
  24  3:22  SCV  
  27  3:28  Refinery  
  27  3:35  SCV x2  
  27  3:36  Engineering Bay  
  27  3:37  Factory Tech Lab  
  29  3:45  SCV  
  29  3:47  Bunker, SCV  
  31  3:50  SCV  
  32  3:56  Supply Depot  
  32  3:57  SCV  
  32  3:58  Siege Tank  
  32  3:59  SCV  
  32  4:02  SCV  
  38  4:07  Marine  
  40  4:14  Armory  
  40  4:17  Armory, Neosteel Armor  
  40  4:19  Orbital Command  
  39  4:24  Marine  
  39  4:27  SCV x2  
  39  4:28  Refinery  
  42  4:36  Siege Tank  
  45  4:39  SCV  
  45  4:40  SCV  
  47  4:54  SCV  
  48  5:03  SCV x2  
  50  5:09  Command Center  
  50  5:42  SCV x3  
  53  5:52  Command Center  
  53  5:54  Siege Tank  
  53  5:55  Marine  
  57  5:57  Terran Ship Weapons Level 1, Terran Vehicle And Ship Armor Level 1  
  57  6:09  Bunker  
  57  6:13  Marine  
  57  6:17  Starport  
  58  6:31  Marine  
  59  6:34  Planetary Fortress  
  59  6:38  Missile Turret  
  59  6:49  Marine, Bunker  
  60  7:04  Missile Turret  
  60  7:05  Siege Tank  
  60  7:06  Marine  
  64  7:08  Hi-Sec Auto Tracking  
  64  7:11  Starport Tech Lab, Command Center  
  64  7:13  Command Center  
  64  7:24  Marine  
  65  7:48  Starport  
  65  7:50  Starport x2  
  65  7:52  Starport  
  65  8:23  Bunker  
  65  8:41  Planetary Fortress  
  65  8:48  SCV x2  
  65  8:50  SCV  
  65  8:52  Starport Tech Lab x2  
  65  8:53  Starport Tech Lab x2  
  68  8:58  Marine  
  68  9:01  Siege Tank  
  68  9:02  SCV  
  73  9:16  Marine  
  74  9:33  Orbital Command  
  74  9:34  Orbital Command  
  74  9:36  SCV  
  74  9:37  SCV x2  
  74  9:38  Terran Vehicle And Ship Armor Level 2, Terran Ship Weapons Level 2  
  77  9:42  Marine  
  78  9:55  Refinery  
  78  10:00  Marine  
  80  10:07  SCV x2  
  80  10:08  SCV x3  
  84  10:18  Marine  
  84  10:19  SCV x2  
  87  10:30  Refinery x2  
  87  10:36  Marine  
  87  10:38  Command Center  
  88  10:48  Fusion Core  
  88  10:49  SCV  
  89  10:54  Marine  
  90  11:01  SCV  
  91  11:11  Marine  
  91  11:13  SCV  
  93  11:22  Refinery  
  93  11:24  Refinery  
  93  11:25  Starport x2, SCV  
  94  11:26  Starport  
  94  11:27  Starport  
  94  11:28  Starport  
  94  11:29  Marine  
  95  11:37  SCV  
  96  11:44  Refinery  
  96  11:47  Marine  
  96  11:48  Refinery  
  97  11:57  Orbital Command  
  97  12:05  Marine  
  97  12:08  Battlecruiser x2  
  107  12:09  Battlecruiser x2  
  107  12:11  Battlecruiser  
  107  12:16  Starport Tech Lab x2  
  107  12:17  Starport Tech Lab x3  
  106  12:24  Siege Tank  
  102  12:56  Siege Tank  
  105  13:12  Battlecruiser  
  110  13:13  Battlecruiser  
  110  13:18  Orbital Command, Battlecruiser  
  111  13:22  Battlecruiser  
  112  14:20  Supply Depot x2  
  112  14:21  Supply Depot  
  112  14:22  Supply Depot x2  
  112  14:25  Weapon Refit  
  112  14:34  Siege Tank  
  112  14:36  Terran Ship Weapons Level 3  
  112  14:37  Terran Vehicle And Ship Armor Level 3  
  114  14:41  Battlecruiser  
  114  14:42  Battlecruiser  
  114  14:43  Battlecruiser  
  121  15:06  Siege Tank  
  116  15:10  Orbital Command  
  112  15:15  Battlecruiser x2  
  112  15:17  Starport Tech Lab x2  
  123  15:24  Starport Tech Lab, Supply Depot  
  123  15:25  Supply Depot  
  123  15:26  Supply Depot x2  
  123  15:39  SCV  
  124  15:49  SCV  
  125  16:23  SCV  
  126  16:26  Refinery  
  126  16:30  Refinery  
  126  16:35  SCV  
  127  16:47  SCV  
  127  16:52  Battlecruiser x2  
  140  16:59  SCV  
  141  17:02  SCV  
  141  17:05  Battlecruiser  
  148  17:10  Battlecruiser  
  154  17:36  Battlecruiser x2  
  151  18:01  Battlecruiser  
  157  18:15  Battlecruiser  
  163  18:22  Supply Depot  
  163  18:23  Supply Depot  
  163  18:24  Supply Depot  
  163  18:32  SCV  
  163  18:33  Battlecruiser, Refinery  
  170  18:44  SCV  
  177  18:56  SCV  
Show
View Real Time Build Order
Export as new Build Order

winzboy Terran 

Build Orders:  

Get SALT Encoding   

  12  0:01  SCV  
  13  0:15  Supply Depot  
  13  0:20  SCV  
  14  0:32  SCV  
  15  0:42  Barracks  
  15  0:45  Refinery  
  15  0:47  SCV  
  16  1:00  SCV  
  17  1:12  SCV  
  18  1:24  SCV  
  19  1:36  SCV  
  19  1:39  Barracks Tech Lab  
  20  1:41  Supply Depot  
  20  1:48  SCV  
  21  1:58  Command Center  
  21  2:00  SCV  
  22  2:06  Marine  
  23  2:12  SCV  
  24  2:18  Factory  
  24  2:24  Marine  
  24  2:28  Orbital Command  
  25  2:32  Refinery  
  25  2:42  Marine  
  26  2:59  SCV, Marine  
  26  3:03  Factory Tech Lab  
  28  3:10  Barracks  
  28  3:11  SCV  
  28  3:12  SCV  
  30  3:17  Marine  
  31  3:23  SCV  
  31  3:24  SCV  
  33  3:27  Starport  
  33  3:35  Marine, SCV  
  33  3:36  SCV, Supply Depot  
  36  3:51  SCV  
  36  3:53  Marine  
  36  3:54  Orbital Command  
  38  3:59  Supply Depot  
  38  4:04  SCV  
  39  4:11  Marauder  
  39  4:16  SCV  
  42  4:20  Barracks Reactor  
  42  4:22  Combat Shield  
  42  4:28  SCV  
  42  4:30  Barracks, SCV  
  44  4:37  Marine  
  45  4:40  SCV  
  45  4:42  SCV  
  47  4:46  Factory Tech Lab  
  47  4:47  Medivac  
  47  4:52  SCV  
  50  4:54  SCV  
  50  4:55  Marauder  
  50  4:58  Marine x2  
  55  5:04  SCV, Siege Tank  
  55  5:06  SCV  
  60  5:13  Supply Depot  
  60  5:15  Marine  
  60  5:16  Marine  
  62  5:22  Refinery  
  62  5:34  Marine x3  
  62  5:35  Supply Depot  
  65  5:52  Marine x2  
  65  5:53  Marauder  
  69  5:58  Supply Depot  
  69  5:59  Barracks Tech Lab  
  69  6:00  Stimpack  
  69  6:08  Siege Tank  
  69  6:10  Marine x2, Medivac  
  76  6:13  Marine  
  77  6:20  Marauder  
  79  6:28  Marine x2  
  79  6:32  Marauder  
  83  6:36  Supply Depot  
  83  6:40  Medivac  
  83  6:45  Marine  
  83  6:46  Engineering Bay  
  86  6:54  Supply Depot  
  86  6:57  Marine  
  86  6:58  Marauder x2, Supply Depot  
  91  7:03  Marine  
  91  7:06  SCV x2  
  94  7:13  Barracks  
  94  7:16  Medivac  
  94  7:17  Supply Depot  
  94  7:18  SCV  
  94  7:19  SCV  
  94  7:20  Supply Depot  
  98  7:28  Marine x2  
  98  7:29  Reaper x2  
  102  7:38  Refinery  
  102  7:40  Supply Depot  
  102  7:41  Siege Tank  
  102  7:44  Supply Depot  
  105  7:46  Marine x2  
  107  8:01  Barracks, Marauder  
  107  8:02  Marauder, Supply Depot  
  107  8:04  Marine x2  
  113  8:11  Medivac  
  115  8:13  Siege Tank  
  118  8:21  Marine  
  118  8:22  Marine x2  
  121  8:32  Supply Depot  
  88  8:41  Medivac  
  86  8:49  Barracks  
  86  8:51  Marine x3  
  86  8:53  Siege Tank  
  86  8:54  Marine x3  
  86  8:55  Supply Depot  
  93  9:05  Terran Infantry Weapons Level 1  
  93  9:09  Marine x2  
  96  9:13  Marauder x2  
  101  9:18  Supply Depot  
  99  9:24  Command Center  
  99  9:25  Barracks Tech Lab, Siege Tank  
  99  9:26  Barracks Reactor  
  102  9:31  Marine x2  
  104  9:41  Supply Depot  
  104  9:44  Medivac, Factory  
  106  9:47  Barracks Tech Lab  
  106  9:51  Supply Depot  
  106  9:54  SCV  
  106  9:55  SCV  
  106  9:58  Marine x3  
  106  9:59  Marauder  
  115  10:00  Marauder  
  115  10:03  Siege Tank  
  115  10:04  Supply Depot  
  118  10:14  Medivac, Supply Depot  
  120  10:17  Marauder  
  122  10:29  Marine x2  
  122  10:30  Marine x2, Starport  
  122  10:31  Marine x2  
  122  10:35  Siege Tank  
  131  10:37  Supply Depot  
  131  10:41  Marine x2  
  133  10:44  Medivac  
  133  10:49  Marauder x2  
  139  10:57  Refinery  
  139  10:59  Terran Infantry Armor Level 1  
  139  11:07  Marine x3, Siege Tank  
  139  11:08  Marine x3  
  139  11:10  Marine x2  
  150  11:14  Medivac  
  152  11:25  Marine x4  
  152  11:26  Marine x2  
  152  11:28  Marine x2  
  160  11:39  Siege Tank  
  163  11:43  Marine, Medivac  
  166  11:50  Marine x2  
  166  11:51  Marine  
  145  12:11  Siege Tank  
  145  12:13  Medivac  
  142  12:21  Marine x3  
  142  12:22  Marine x5  
  128  12:39  Marine x3  
  128  12:43  Siege Tank  
  101  13:10  Marine x4  
  101  13:11  Marine  
  101  13:12  Marine x3  
  106  13:15  Siege Tank  
  109  13:28  Marine x5  
  109  13:29  Marine  
  109  13:30  Marine x2  
  117  13:46  Marine x5  
  117  13:47  Marine  
  117  13:48  Marauder, Reaper  
  126  13:57  Barracks  
  123  14:03  Marine  
  123  14:04  Marine x3  
  123  14:05  Marauder  
  123  14:06  Marauder  
  133  14:10  Marauder  
  133  14:20  Marauder  
  133  14:21  Marine x2  
  133  14:22  Marine x2  
  139  14:25  Marine  
  139  14:26  Marine  
  139  14:30  Barracks x2, Marine  
  142  14:32  Barracks  
  142  14:39  Marine x4  
  142  14:41  Marine  
  142  14:42  Hi-Sec Auto Tracking  
  142  14:43  Marine  
  142  14:44  Marine  
  142  14:45  Barracks  
  149  14:48  Marine  
  140  14:57  Marine x2  
  133  15:04  Marine x3  
  133  15:05  Marine x2  
  133  15:06  Marine  
  128  15:15  Marine x2  
  114  15:22  Marine x4  
  114  15:23  Marine  
  102  15:28  Marine  
  102  15:32  Marine, Viking  
  102  15:33  Marine  
  102  15:34  Barracks  
  78  15:37  Viking  
  78  15:40  Marine x5  
  85  15:46  Marine  
  77  15:52  Starport  
  75  15:57  Starport  
  75  16:01  Marine x2  
  75  16:02  Marine x6, Viking  
  75  16:03  Marine x2  
  87  16:06  Marine x2  
  87  16:07  Viking  
  87  16:09  Cyclone  
  94  16:15  Factory Tech Lab  
  94  16:22  Marine x5  
  94  16:23  Marine  
  100  16:26  Marine  
  100  16:27  Marine x5  
  100  16:28  Marine  
  100  16:32  Viking  
  109  16:41  Cyclone  
  112  16:55  Marine x3  
  112  16:59  Command Center  
  115  17:02  Viking  
  115  17:04  Refinery  
  115  17:08  Marine x2  
  119  17:13  Cyclone  
  96  17:54  Marine x2  
  96  17:55  Marine x4  
  99  18:19  Marine x2  
  101  18:20  Marine x3  
  101  18:23  Viking x2  
  101  18:25  Command Center  
  108  18:43  Marine x3  
  108  18:45  Siege Tank  
  108  18:47  Armory  
  116  18:48  Widow Mine  
  116  18:49  Supply Depot  
  116  18:53  Viking x2  
  120  19:03  Medivac  
  120  19:04  Medivac  
  120  19:07  Marine x2  
  120  19:08  Marine x2  
  128  19:13  Supply Depot  
Tags
 
Add a new tag
Caveats
  • Supply blocks, unpowered buildings, or Contaminate may cause inaccurate times.
  • Supply counts are checked every 10 seconds.